 Dungeon Crawl Stone Soup version 0.21.1 (webtiles) character file.

1802 nikopol the Thaumaturge (level 8, -3/43 HPs)
             Began as a Deep Elf Fire Elementalist on Feb 4, 2018.
             Was a Believer of Vehumet.
             Killed from afar by a manticore (16 damage)
             ... with a volley of spikes
             ... on level 7 of the Dungeon.
             The game lasted 00:36:38 (7298 turns).

nikopol the Thaumaturge (DEFE)                      Turns: 7298, Time: 00:36:38

Health: -3/43      AC:  3    Str:  5    XL:     8   Next: 83%
Magic:  12/22      EV: 14    Int: 23    God:    Vehumet [**....]
Gold:   337        SH:  0    Dex: 15    Spells: 7/24 levels left

rFire    . . .     SeeInvis .   x - +0 dagger
rCold    + . .     Gourm    .   (no shield)
rNeg     . . .     Faith    .   a - +0 robe
rPois    .         Spirit   .   l - +0 helmet
rElec    .         Reflect  .   (no cloak)
rCorr    .         Harm     .   (no gloves)
MR       .....                  (no boots)
Stlth    +++.......             (no amulet)
HPRegen  0.14/turn              i - ring of protection from cold
MPRegen  0.18/turn              m - ring of wizardry

@: barbed spikes
A: no striking features
a: Renounce Religion


You were on level 7 of the Dungeon.
You worshipped Vehumet.
Vehumet was pleased with you.
You were not hungry.

You visited 1 branch of the dungeon, and saw 7 of its levels.
You also visited: Sewer.

You collected 337 gold pieces.

Inventory:

Hand Weapons
 x - a +0 dagger (weapon)
Armour
 a - a +0 robe (worn)
 l - a +0 helmet (worn)
Jewellery
 i - a ring of protection from cold (left hand)
 m - a ring of wizardry (right hand)
 o - an uncursed amulet of faith {unknown}
 v - an uncursed ring of positive energy
Wands
 n - a wand of flame (23)
 y - a wand of digging (22)
Scrolls
 d - 2 scrolls of fog
 e - a scroll of identify
 h - 4 scrolls of remove curse
 j - 2 scrolls of teleportation
 r - a scroll of magic mapping
 t - a scroll of amnesia
 u - 4 scrolls of blinking
 z - 4 scrolls of noise {unknown}
 A - a scroll of enchant armour {unknown}
 D - 2 scrolls of fear
Potions
 g - 4 potions of curing
 k - a potion of berserk rage
 p - a potion of haste
 B - 2 potions of might
 E - 4 potions of heal wounds
Books
 b - a book of Flames

   Spells                             Type                      Level
   a - Flame Tongue                   Conjuration/Fire             1
   b - Throw Flame                    Conjuration/Fire             2
   c - Conjure Flame                  Conjuration/Fire             3
   d - Inner Flame                    Hexes/Fire                   3
   e - Sticky Flame                   Conjuration/Fire             4
   f - Fireball                       Conjuration/Fire             5
 s - a book of Minor Magic

   Spells                             Type                      Level
   a - Magic Dart                     Conjuration                  1
   b - Blink                          Translocation                2
   c - Call Imp                       Summoning                    2
   d - Slow                           Hexes                        2
   e - Conjure Flame                  Conjuration/Fire             3
   f - Mephitic Cloud                 Conjuration/Poison/Air       3
 w - a book of Battle

   Spells                             Type                      Level
   a - Infusion                       Charms                       1
   b - Shroud of Golubria             Charms/Translocation         2
   c - Song of Slaying                Charms                       2
   d - Spectral Weapon                Hexes/Charms                 3
   e - Regeneration                   Charms/Necromancy            3
Comestibles
 c - 13 rations


   Skills:
 + Level 1.2 Fighting
 + Level 4.2 Dodging
 + Level 4.0 Stealth
 + Level 8.5 Spellcasting
 + Level 7.0 Conjurations
 + Level 0.3 Hexes
 + Level 1.0 Charms
 + Level 7.0 Fire Magic


You had 7 spell levels left.
You knew the following spells:

 Your Spells              Type           Power        Failure   Level  Hunger
a - Flame Tongue          Conj/Fire      #####        1%          1    None
b - Throw Flame           Conj/Fire      #####.       1%          2    None
c - Conjure Flame         Conj/Fire      #####...     1%          3    None
d - Fireball              Conj/Fire      #####.....   4%          5    #####..
e - Blink                 Tloc           N/A          4%          2    None
f - Magic Dart            Conj           ####         1%          1    None
g - Spectral Weapon       Hex/Chrm       ##......     6%          3    None


Dungeon Overview and Level Annotations

Branches:
Dungeon (7/15)             Temple (0/1) D:4

Altars:
Dithmenos
Elyvilon
Hepliaklqana
Kikubaaqudgha
Makhleb
Nemelex Xobeh
Okawaru
Sif Muna
Vehumet
Xom
Yredelemnul
The Shining One

Shops:
D:4 [


Message History

Press: ? - help, Shift-Dir - straight line, f - manticore
Aim: a manticore The fireball explodes!
The fireball engulfs the manticore.
The manticore is moderately wounded.
You hear a shout!
You hear an angry growl.
You hear a bark!
The manticore flicks its tail.
The volley of spikes hits you!
The barbed spikes become lodged in your body.
Casting: Fireball
Confirm with . or Enter, or press ? or * to list all spells.
Aiming: Fireball
Press: ? - help, Shift-Dir - straight line, f/p - manticore
Aim: a manticore (moderately wounded)
The fireball explodes!
The fireball engulfs the manticore.
The manticore is heavily wounded.
You hear a shout!
You hear a bark!
The manticore flicks its tail.
The volley of spikes hits you!
The barbed spikes become lodged in your body.
You die...

##.## #..<#
#...######
#.........#
#####...#####..
#.#...........#
.......(.......
#.#...........#
#####@.H#####
#........
#...##### #...#
##K## .. .# .#


You could see a manticore and a big kobold.

Vanquished Creatures
  Grinder (D:4)
  Edmund (D:4)
  An orc warrior (D:6)
  2 ice beasts
  2 centaurs
  A scorpion (D:6)
  2 crimson imps (D:5)
  A bullfrog zombie (D:5)
  A centaur zombie (D:5)
  3 hounds
  A jelly (D:7)
  4 orc priests
  4 orc wizards
  An iguana (D:4)
  7 worker ants
  2 hound skeletons
  4 river rats (Sewer)
  11 adders
  A shadow imp (D:7)
  2 oozes
  A worm (D:2)
  A dart slug (D:1)
  5 leopard geckos
  14 orcs
  8 ball pythons
  2 giant cockroaches
  9 goblins
  10 hobgoblins
  28 jackals
  10 kobolds
  A quokka (D:4)
  13 frilled lizards
  A leopard gecko skeleton (D:4)
  16 rats
171 creatures vanquished.

Vanquished Creatures (others)
  A hobgoblin (D:2)
1 creature vanquished.

Grand Total: 172 creatures vanquished

Notes
Turn   | Place    | Note
-------+----------+-------------------------------------------
     0 | D:1      | nikopol the Deep Elf Fire Elementalist began the quest for the Orb.
     0 | D:1      | Reached XP level 1. HP: 10/10 MP: 6/6
   296 | D:1      | Reached XP level 2. HP: 15/15 MP: 5/8
   673 | D:1      | Reached XP level 3. HP: 17/19 MP: 6/10
   925 | D:1      | Found an iron altar of Okawaru.
  1781 | D:2      | Found a white marble altar of Elyvilon.
  1803 | D:2      | Reached XP level 4. HP: 24/24 MP: 8/11
  1865 | D:2      | Found a glowing golden altar of the Shining One.
  1934 | D:2      | Reached skill level 4 in Spellcasting
  2007 | D:2      | Learned a level 2 spell: Throw Flame
  2011 | D:2      | Learned a level 3 spell: Conjure Flame
  2120 | D:2      | Found a sparkling altar of Nemelex Xobeh.
  2232 | D:3      | Found a radiant altar of Vehumet.
  2253 | D:3      | Became a worshipper of Vehumet
  2342 | D:3      | Reached XP level 5. HP: 28/28 MP: 10/13
  2525 | D:3      | Learned a level 5 spell: Fireball
  2528 | D:3      | Learned a level 2 spell: Blink
  2696 | D:3      | Found a basalt altar of Yredelemnul.
  2703 | D:3      | Found a deep blue altar of Sif Muna.
  2976 | D:4      | Found a staircase to the Ecumenical Temple.
  3021 | D:4      | Found a shadowy altar of Dithmenos.
  3067 | D:4      | Reached skill level 5 in Spellcasting
  3080 | D:4      | Reached XP level 6. HP: 32/32 MP: 1/16
  3518 | D:4      | Found a shimmering altar of Xom.
  3583 | D:4      | Reached * piety under Vehumet
  3583 | D:4      | Offered knowledge of Shock by Vehumet.
  3659 | D:4      | Noticed Edmund
  3672 | D:4      | Killed Edmund
  3672 | D:4      | Reached skill level 6 in Spellcasting
  3672 | D:4      | Reached skill level 5 in Fire Magic
  3906 | D:4      | Found Viqoen's Armour Shop.
  3975 | D:4      | Noticed Grinder
  3981 | D:4      | Paralysed by Grinder for 6 turns
  3990 | D:4      | Killed Grinder
  3990 | D:4      | Reached XP level 7. HP: 36/36 MP: 5/19
  4100 | D:4      | Reached skill level 7 in Spellcasting
  4324 | D:4      | Found an ancient bone altar of Kikubaaqudgha.
  4581 | D:5      | Entered Level 5 of the Dungeon
  4591 | D:5      | Reached skill level 5 in Conjurations
  4636 | D:5      | Learned a level 1 spell: Magic Dart
  5034 | D:5      | Found a hazy altar of Hepliaklqana.
  5039 | D:5      | Reached XP level 8. HP: 42/42 MP: 17/21
  5337 | D:5      | Learned a level 3 spell: Spectral Weapon
  5369 | D:5      | Reached skill level 1 in Fighting
  5970 | D:6      | Reached skill level 8 in Spellcasting
  6077 | D:6      | Reached ** piety under Vehumet
  6077 | D:6      | Offered knowledge of Sting by Vehumet.
  6222 | D:6      | Found a glowing drain.
  6236 | D:6      | Reached skill level 1 in Charms
  6250 | Sewer    | Entered a sewer
  6845 | D:6      | Found a burning altar of Makhleb.
  7071 | D:7      | Noticed a manticore
  7298 | D:7      | Killed from afar by a manticore

Skill      XL: |  1  2  3  4  5  6  7  8 |
---------------+-------------------------+-----
Fire Magic     | 4 5 6 7 |  7.0
Conjurations   | 2 3 4 5 7 |  7.0
Dodging        | 3 4 |  4.2
Spellcasting   | 4 5 6 7 8 |  8.5
Stealth        | 3 4 |  4.0
Fighting       | 1 |  1.2
Charms         | 1 |  1.0
Hexes          | |  0.3

Action                   |  1- 3 |  4- 6 |  7- 9 || total
-------------------------+-------+-------+-------++-------
Melee: Unarmed           |     2 |       |       ||     2
 Cast: Flame Tongue      |    79 |   112 |   104 ||   295
       Throw Flame       |       |     8 |    11 ||    19
       Conjure Flame     |       |     4 |     3 ||     7
       Magic Dart        |       |       |    18 ||    18
       Fireball          |       |       |    14 ||    14
       Blink             |       |       |     2 ||     2
       Spectral Weapon   |       |       |     3 ||     3
  Use: Scroll            |       |       |    14 ||    14
  Eat: Chunk             |     2 |     7 |     7 ||    16
       Ration            |       |       |     2 ||     2
Armor: Robe              |    21 |     7 |     4 ||    32
Dodge: Dodged            |    54 |    18 |    32 ||   104
